Map: Lockdown LE

Players

Brightscales

  • Race: Protoss Protoss
  • League: Platinum

A.I. 1 (Very Easy)

  • Race: Protoss Protoss

VOD

Have the link to the VOD?

Description

Time

  • Played on: Aug. 27, 2026, 11:56 a.m.
  • Length: 5:39
Show
View Real Time Build Order
Export as new Build Order

Brightscales Protoss 

Build Orders:  

Get SALT Encoding   

  9  0:20  Probe (Chrono Boost)  
  9  0:29  Probe x8 (Chrono Boost)  
  9  0:35  Unknown  
  8  0:36  Probe (Chrono Boost)  
  9  0:48  Probe (Chrono Boost)  
  10  0:54  Probe (Chrono Boost)  
  11  1:03  Probe  
  12  1:09  Pylon  
  12  1:15  Probe  
  13  1:27  Probe  
  14  1:35  Gateway  
  14  1:42  Probe (Chrono Boost)  
  14  1:47  Assimilator  
  16  1:55  Probe (Chrono Boost)  
  16  2:00  Probe (Chrono Boost)  
  17  2:11  Probe  
  18  2:23  Probe  
  19  2:30  Nexus  
  19  2:36  Probe  
  20  2:45  Cybernetics Core  
  20  2:46  Probe x8  
  20  2:53  Pylon  
  20  2:58  Unknown  
  8  2:59  Probe (Chrono Boost)  
  9  3:11  Probe (Chrono Boost)  
  10  3:16  Probe (Chrono Boost)  
  11  3:26  Probe  
  12  3:33  Pylon  
  12  3:38  Probe  
  13  3:51  Probe  
  14  3:58  Gateway  
  14  4:03  Probe (Chrono Boost)  
  14  4:08  Assimilator  
  15  4:15  Probe (Chrono Boost)  
  16  4:22  Probe (Chrono Boost)  
  17  4:29  Probe  
  18  4:47  Nexus  
  18  4:58  Cybernetics Core  
  18  5:01  Probe (Chrono Boost)  
  19  5:08  Pylon  
  19  5:13  Probe (Chrono Boost)  
  20  5:22  Assimilator  
  20  5:25  Probe (Chrono Boost)  
Show
View Real Time Build Order
Export as new Build Order

A.I. 1 (Very Easy) Protoss 

Build Orders:  

Get SALT Encoding   

  8  0:00  Probe  
  9  0:13  Probe  
  10  0:23  Probe x8  
  11  0:35  Unknown  
  8  0:38  Probe  
  9  0:50  Probe  
  10  1:02  Probe  
  11  1:36  Nexus  
  11  1:38  Probe  
  12  1:50  Probe  
  13  1:54  Pylon  
  13  2:08  Probe  
  14  2:22  Gateway  
  14  2:30  Pylon  
  14  2:34  Assimilator  
  14  2:46  Probe x8  
  14  2:51  Assimilator  
  14  2:58  Unknown  
  9  3:05  Probe  
  9  3:28  Pylon  
  9  4:05  Gateway  
  9  4:31  Nexus  
  9  4:55  Cybernetics Core  
  9  5:00  Assimilator  
  9  5:17  Pylon  
  9  5:18  Probe  
  9  5:27  Probe  
Tags
 
League
Platinum
Matchup
PvP
Add a new tag
Caveats
  • Supply blocks, unpowered buildings, or Contaminate may cause inaccurate times.
  • Supply counts are checked every 10 seconds.